 Dungeon Crawl Stone Soup version 0.28.0-53-g5a82cb258f (webtiles) character file.

Game seed: 9863024023799034792

25 Peloso the Covered (level 2, 0/27 HPs)
             Began as a Minotaur Fighter on June 1, 2022.
             Succumbed to an adder's poison
             ... on level 2 of the Dungeon.
             The game lasted 00:00:59 (592 turns).

Peloso the Covered (Minotaur Fighter)                Turns: 592, Time: 00:00:59

Health: 0/27       AC:  7    Str: 20    XL:     2   Next: 86%
Magic:  1/1        EV:  9    Int:  5    God:
Gold:   49         SH:  4    Dex:  9    Spells: 1/1 levels left

rFire   . . .      SeeInvis .   a - +0 long sword
rCold   . . .      Faith    .   c - +0 buckler
rNeg    . . .      Spirit   .   b - +0 scale mail
rPois   .          Reflect  .   (helmet restricted)
rElec   .          Harm     .   (no cloak)
rCorr   .          Rampage  .   (no gloves)
Will    .....                   (no boots)
Stlth   ..........              (no amulet)
HPRegen 0.09/turn               (no ring)
MPRegen 0.07/turn               (no ring)

@: brilliant, lethally poisoned (0 -> -8)
A: horns 2, retaliatory headbutt
a: no special abilities


You were on level 2 of the Dungeon.
You visited 1 branch of the dungeon, and saw 2 of its levels.

You collected 49 gold pieces.

Inventory:

Hand Weapons
 a - a +0 long sword (weapon)
Armour
 b - a +0 scale mail (worn)
 c - a +0 buckler (worn)
Scrolls
 e - a scroll of teleportation {unknown}
 g - a scroll of silence {unknown}
Potions
 d - a potion of might


   Skills:
 + Level 4.0 Fighting
 + Level 2.7 Long Blades
 + Level 4.1 Armour
 + Level 4.0 Shields


You had one spell level left.
You didn't know any spells.
Your spell library contained the following spells:

 Spells                   Type           Power      Damage    Failure   Level
 Beastly Appendage        Tmut           0%         N/A       89%         1
 Ensorcelled Hibernation  Hex/Ice        0%         N/A       96%         2
 Passwall                 Tmut/Erth      0%         N/A       96%         2
 Wereblood                Tmut           0%         N/A       96%         2
 Spider Form              Tmut/Pois      0%         N/A       99%         3
 Swiftness                Air            0%         N/A       99%         3


Dungeon Overview and Level Annotations

Branches:
Dungeon (2/15)

Altars:

Shops:
D:1 !(


Innate Abilities, Weirdness & Mutations

You have a pair of horns on your head.
You reflexively headbutt those who attack you in melee.


Message History

You feel sick. The adder bites you but does no damage.
The goblin hits you with a +0 club. The adder bites you but does no damage.
You miss the adder.
The adder is heavily wounded.
You feel sick. The adder bites you. You block the adder's attack.
The goblin hits you but does no damage. The adder bites you but does no damage.
You slash the adder!
You kill the adder!
You feel sick. The adder bites you but does no damage.
The goblin hits you but does no damage. The adder bites you but does no damage.
The goblin closely misses you.
Your Fighting skill increases to level 4!
Your Shields skill increases to level 4!
You closely miss the adder.
You feel sick.
You are no longer poisoned.
The adder bites you but does no damage. The goblin hits you with a +0 club.
The adder bites you but does no damage.
You barely miss the adder. The adder closely misses you.
The goblin hits you with a +0 club.
You barely miss the adder. The adder bites you but does no damage.
You block the goblin's attack. The adder closely misses you.
You furiously retaliate!
You headbutt the adder, but do no damage.
You hit the adder.
The adder is moderately wounded.
The goblin barely misses you. The adder bites you.
You are poisoned.
The adder poisons you! The goblin hits you but does no damage.
The adder bites you.
* * * LOW HITPOINT WARNING * * *
You barely miss the adder.
The adder is moderately wounded.
* * * LOW HITPOINT WARNING * * *
You feel sick. The adder bites you.
* * * LOW HITPOINT WARNING * * *
You are more poisoned.
The adder poisons you! The goblin hits you but does no damage.
It was a potion of brilliance.
You feel clever all of a sudden.
You die...

# .#######
......###
.####......#
......g?...#
#.S@†..#
#.<....#
#......#
####+###


You could see an adder and a goblin.

Vanquished Creatures
  An adder (D:2)
  A dart slug (D:1)
  An endoplasm (D:1)
  A giant cockroach (D:2)
  2 hobgoblins (D:1)
  2 jackals (D:1)
  A kobold (D:1)
  2 bats (D:1)
  2 frilled lizards (D:1)
  A goblin (D:1)
  A rat (D:1)
15 creatures vanquished.

Notes
Turn   | Place    | Note
-------+----------+-------------------------------------------
     0 | D:1      | Peloso the Minotaur Fighter began the quest for the Orb.
     0 | D:1      | Reached XP level 1. HP: 19/19 MP: 0/0
   205 | D:1      | Reached XP level 2. HP: 27/27 MP: 1/1
   364 | D:1      | Found Joteg Zurgha's Distillery.
   432 | D:1      | Found a faded altar of an unknown god.
   503 | D:1      | Found Miggymok's Weapon Shoppe.
   592 | D:2      | Succumbed to an adder's poison

Illustrated notes

Levels and vault maps discovered:
D:1:      ebering_trefoil_twist, layout_rooms, serial_shops, shop,
          nicolae_shop_crystal, shapermc_ecumenical_altar_pompeii,
          hangedman_decor_push
D:2:      layout_basic

Skill      XL: |  1  2 |
---------------+-------+-----
Armour         | 4 |  4.1
Fighting       | 4 |  4.0
Shields        | 4 |  4.0
Long Blades    | |  2.7

Action                   || total
-------------------------++-------
Melee: Long sword        ||    37
       Headbutt          ||     4
  Use: Potion            ||     1
Armor: Scale mail        ||    34
Dodge: Dodged            ||    21
Block: Buckler           ||    12
